 Dungeon Crawl Stone Soup version 0.24-a0-317-g5cb8de4 (webtiles) character file.

Game seed: 6588146298559633350

403 Spazmo the Magician (level 6, 0/48 HPs)
             Began as a Deep Elf Fire Elementalist on May 16, 2019.
             Succumbed to RedSky's ghost's poison
             ... on level 3 of the Dungeon.
             The game lasted 00:06:31 (1606 turns).

Spazmo the Magician (Deep Elf Fire Elementalist)    Turns: 1606, Time: 00:06:32

Health: 0/48       AC: 23    Str:  5    XL:     6   Next: 55%
Magic:  9/16       EV:  2    Int: 22    God:
Gold:   107        SH:  0    Dex: 15    Spells: 1/16 levels left

rFire    . . .     SeeInvis +   g - +1 short sword
rCold    . . .     Gourm    .   (no shield)
rNeg     + + +     Faith    .   (armour currently unavailable)
rPois    +         Spirit   .   (helmet currently unavailable)
rElec    .         Reflect  .   (cloak currently unavailable)
rCorr    .         Harm     .   (gloves currently unavailable)
MR       .....     NoTele   +   (boots currently unavailable)
Stlth    ++........             (no amulet)
HPRegen  0.16/turn              r - ring of see invisible
MPRegen  0.15/turn              (no ring)

@: lethally poisoned (0 -> -5), tree-form
A: no striking features
a: no special abilities


You were on level 3 of the Dungeon.
You were not hungry.
You were a tree.
You visited 1 branch of the dungeon, and saw 3 of its levels.

You collected 107 gold pieces.

Inventory:

Hand Weapons
 g - a +1 short sword (weapon)
Missiles
 n - 69 stones (quivered)
Armour
 a - a +0 robe (melded)
 s - a +0 pair of gloves (melded)
Jewellery
 r - a ring of see invisible (left branch)
Scrolls
 e - a scroll of teleportation
 f - 3 scrolls of remove curse
 m - 3 scrolls of identify
 q - a scroll of blinking {unknown}
Potions
 d - a potion of might
 h - a potion of lignification
 i - a potion of haste {unknown}
 j - a potion of invisibility {unknown}
 k - a potion of agility {unknown}
 o - a potion of flight {unknown}
 p - a potion of ambrosia {unknown}
Comestibles
 c - 2 rations


   Skills:
 - Level 3.2 Dodging
 - Level 3.0 Stealth
 + Level 5.7 Spellcasting
 + Level 4.0 Conjurations
 + Level 5.2 Fire Magic


You had one spell level left.
You knew the following spells:

 Your Spells              Type           Power        Failure   Level  Hunger
a - Flame Tongue          Conj/Fire      ####.        1%          1    None
b - Throw Flame           Conj/Fire      ####..       2%          2    None
c - Conjure Flame         Conj/Fire      ####....     4%          3    ##.....
d - Sticky Flame          Conj/Fire      ####....     14%         4    ####...
e - Fireball              Conj/Fire      ####......   36%         5    #####..

Your spell library contained the following spells:

 Spells                   Type           Power        Failure   Level  Hunger
 Inner Flame              Hex/Fire       ###.....     10%         3    ##.....


Dungeon Overview and Level Annotations

Branches:
Dungeon (3/15)

Altars:
Ru
Sif Muna
Uskayaw


Message History

RedSky's ghost hits you!
* * * LOW HITPOINT WARNING * * *
You are more poisoned.
You feel better. RedSky's ghost hits you!
* * * LOW HITPOINT WARNING * * *
You are lethally poisoned!
Casting: Flame Tongue (safe; 1% risk of failure)
Confirm with . or Enter, or press ? or * to list all spells.
Aiming: Flame Tongue (safe; 1% risk of failure)
Press: ? - help, Shift-Dir - straight line, f/p - RedSky's ghost
Aim: RedSky's ghost, wielding a weapon of venom (almost destroyed, covering ground quickly)
The flame tongue hits RedSky's ghost!
You destroy RedSky's ghost!
Your Conjurations skill increases to level 4!
* * * LOW HITPOINT WARNING * * *
You feel sick.
It was a potion of lignification.
You turn into a tree.
Your +0 pair of gloves melds into your body.
Your +0 robe melds into your body.
Your roots penetrate the ground.
You die...

####### ####.....#
#....###.# #......#.#
#.. #....#.#.# +..
##.#.###### ..
#.###♣.#.## ..
#.###8?'..# #########.
#...#♣.#♣.# #.##......
##.#####..# #.........
#####.#
#.##†#######......
#.....#
#.##....#.........
#.###>#
##.#####.#.###)..## #.#
#.####........#.......#
#.#
#.......#####...####.##
#.# ####.##.# ##.## #.#
#.# #.##.# #.# #.#


There were no monsters in sight!

Vanquished Creatures
  Grinder (D:3)
  The ghost of RedSky the Gusty, an amateur TeAE (D:3)
  Jessica (D:2)
  An orc wizard (D:2)
  3 adders
  An ooze (D:1)
  2 worms
  3 dart slugs (D:1)
  5 leopard geckos
  An orc (D:3)
  A ball python (D:2)
  A giant cockroach (D:1)
  8 goblins
  8 hobgoblins
  12 kobolds
  A quokka (D:2)
  8 bats
  5 frilled lizards
  A rat (D:2)
64 creatures vanquished.

Vanquished Creatures (others)
  A hobgoblin (D:3)
1 creature vanquished.

Grand Total: 65 creatures vanquished

Notes
Turn   | Place    | Note
-------+----------+-------------------------------------------
     0 | D:1      | Spazmo the Deep Elf Fire Elementalist began the quest for
                  | the Orb.
     0 | D:1      | Reached XP level 1. HP: 10/10 MP: 6/6
    99 | D:1      | Reached XP level 2. HP: 11/15 MP: 2/8
   103 | D:1      | Learned a level 2 spell: Throw Flame
   329 | D:1      | Reached XP level 3. HP: 19/19 MP: 5/9
   607 | D:2      | Noticed a +0 hand axe
   607 | D:2      | Noticed Jessica
   610 | D:2      | Noticed a +0 dagger
   617 | D:2      | Killed Jessica
   683 | D:2      | Found a deep blue altar of Sif Muna.
   694 | D:2      | Reached XP level 4. HP: 24/24 MP: 9/11
   716 | D:2      | Found a sacrificial altar of Ru.
   773 | D:2      | Found a hide-covered altar of Uskayaw.
  1242 | D:3      | Noticed Grinder
  1252 | D:3      | Reached XP level 5. HP: 28/28 MP: 10/13
  1260 | D:3      | Killed Grinder
  1260 | D:3      | Reached skill level 5 in Spellcasting
  1260 | D:3      | Reached XP level 6. HP: 24/32 MP: 3/16
  1284 | D:3      | Reached skill level 5 in Fire Magic
  1392 | D:3      | Learned a level 3 spell: Conjure Flame
  1397 | D:3      | Learned a level 4 spell: Sticky Flame
  1403 | D:3      | Learned a level 5 spell: Fireball
  1477 | D:3      | Found a runed translucent door.
  1570 | D:3      | Noticed RedSky's ghost (amateur TeAE)
  1605 | D:3      | Killed RedSky's ghost
  1605 | D:3      | HP: 1/32 [poisoned by RedSky's ghost]
  1606 | D:3      | Succumbed to RedSky's ghost's poison

Levels and vault maps discovered:
D:1:      scummos_arrival_hexagon, layout_basic
D:2:      layout_basic, overflow_temple_1_default,
          nicolae_ru_great_annihilating_truth, dancing_weapons_uskayaw,
          uniq_jessica
D:3:      layout_loops_ring, grunt_temple_overflow_holy_war,
          gammafunk_ghost_grave, nemelex_spade_bored_becter, uniq_grinder

Skill      XL: |  1  2  3  4  5  6 |
---------------+-------------------+-----
Stealth        | 3 |  3.0
Dodging        | 3 |  3.2
Conjurations   | 2 3 4 |  4.0
Spellcasting   | 4 5 |  5.7
Fire Magic     | 4 5 |  5.2

Action                   |  1- 3 |  4- 6 || total
-------------------------+-------+-------++-------
Melee: Short sword       |       |     6 ||     6
 Cast: Flame Tongue      |    37 |    71 ||   108
       Throw Flame       |       |     1 ||     1
  Use: Scroll            |     3 |     2 ||     5
       Potion            |       |     2 ||     2
  Eat: Chunk             |       |     2 ||     2
Armor: Robe              |     1 |     4 ||     5
Dodge: Dodged            |       |    13 ||    13

Table legend:
 A = Non-vault XP
 B = Vault XP
 C = Vault XP percentage of total XP
 D = Non-vault monster count
 E = Vault monster count
 F = Vault count percentage of total count
                 A         B        C        D         E       F
            +---------+---------+-------+---------+---------+-------
      Total |     157 |     419 |  72.7 |      57 |       7 |  10.9
            +---------+---------+-------+---------+---------+-------
        D:1 |      52 |       0 |   0.0 |      21 |       0 |   0.0
        D:2 |      53 |      78 |  59.5 |      22 |       5 |  18.5
        D:3 |      52 |     341 |  86.8 |      14 |       2 |  12.5
            +---------+---------+-------+---------+---------+-------
